 Dungeon Crawl Stone Soup version 0.31-a0-261-g072fdb8a1f (webtiles) character file.

Game seed: 13319399126346007171

621 qw the Shooter (level 7, -6/43 HPs)
             Began as a Gargoyle Hexslinger on July 13, 2023.
             Mangled by an iguana (10 damage)
             ... on level 6 of the Dungeon.
             The game lasted 00:01:25 (3010 turns).

qw the Shooter (Gargoyle Hexslinger)                Turns: 3010, Time: 00:01:26

Health: -6/43      AC: 15    Str: 11    XL:     7   Next: 46%
Magic:  8/8        EV: 11    Int: 12    God:
Gold:   215        SH:  0    Dex: 21    Spells: 7/8 levels left

rFire   . . .        Y - +3 sling (heavy)
rCold   . . .        (no shield)
rNeg    + . .        g - +0 ring mail
rPois   inf          n - +0 helmet
rElec   +            (no cloak)
rCorr   .            j - +2 pair of gloves "Soirhul" {rElec Int-2 Dex+7 Stlth+}
SInv    .            b - +0 pair of boots
Will    .....        d - amulet of regeneration
Stlth   ++           (no ring)
HPRegen 1.07/turn    (no ring)
MPRegen 0.11/turn

%: no passive effects
@: no status effects
A: sickness immunity, AC +4, negative energy resistance 1, electricity
resistance, torment resistance 1, petrification resistance
a: no special abilities


You were on level 6 of the Dungeon.
You visited 1 branch of the dungeon, and saw 6 of its levels.

You collected 215 gold pieces.


Innate Abilities, Weirdness & Mutations

You are immune to sickness and miasma.
Your stone body is resilient. (AC +4)
You are immune to poison.
You resist negative energy. (rN+)
You are resistant to electric shocks. (rElec)
You are resistant to unholy torment.
You are immune to petrification.


   Skills:
 - Level 4.0 Fighting
 + Level 6.7 Ranged Weapons
 - Level 2.2 Armour
 - Level 1.5 Dodging
 - Level 1.0 Spellcasting
 - Level 2.6 Hexes


You had 7 spell levels left.
You knew the following spells:

 Your Spells              Type           Power      Damage    Failure   Level
a - Slow                  Hex            28%        N/A       24%         1

Your spell library contained the following spells:

 Spells                   Type           Power      Damage    Failure   Level
 Inner Flame              Hex/Fire       3%         N/A       77%         3
 Portal Projectile        Hex/Tloc       6%         N/A       77%         3
 Cause Fear               Hex            3%         N/A       93%         4

Inventory:

Hand Weapons
 Y - a +3 heavy sling (weapon)
Armour
 b - a +0 pair of boots (worn)
 g - a +0 ring mail (worn)
 j - the +2 pair of gloves "Soirhul" (worn) {rElec Int-2 Dex+7 Stlth+}
   (You found it on level 3 of the Dungeon)

   Int:       It affects your intelligence (-2).
   Dex:       It affects your dexterity (+7).
   rElec:     It insulates you from electricity.
   Stlth:     It makes you more stealthy.
 n - a +0 helmet (worn)
Jewellery
 d - an amulet of regeneration (around neck)
Scrolls
 a - a scroll of identify
Potions
 c - a potion of attraction {unknown}
 e - a potion of degeneration {unknown}
 f - a potion of haste {unknown}
 h - a potion of berserk rage {unknown}
 i - a potion of lignification {unknown}
 k - a potion of mutation {unknown}
 l - a potion of heal wounds {unknown}
 m - a potion of might {unknown}
 o - a potion of curing

Dungeon Overview and Level Annotations

Branches:
Dungeon (6/15)
 Temple: D:4-7

Altars:
Elyvilon

Shops:
D:2 *


Message History

The ball of steam misses you. The iguana bites you.
You hear a loud, deep croak!
You shoot a sling bullet. The sling bullet hits the steam dragon!
You kill the steam dragon!
The steam dragon scales are intact enough to wear.
You are engulfed in a cloud of scalding steam.
The iguana barely misses you. x2
A bullfrog comes into view.
You shoot a sling bullet.
The sling bullet hits the iguana but does no damage.
You hear a loud, deep croak!
The iguana closely misses you.
The iguana bites you but does no damage.
You shoot a sling bullet. The sling bullet hits the iguana!
The iguana is almost dead.
The bullfrog releases a deep croak.
The iguana barely misses you. x2
The bullfrog hits you but does no damage.
You shoot a sling bullet.
The sling bullet barely misses the iguana.
The bullfrog hits you but does no damage.
The bullfrog hits you.
A wight comes into view. It is wielding a +0 hand axe.
The iguana misses you. The bullfrog barely misses you.
The bullfrog closely misses you. The iguana misses you.
You shoot a sling bullet.
The sling bullet closely misses the iguana.
The bullfrog hits you but does no damage.
The bullfrog completely misses you. The bullfrog misses you.
The bullfrog barely misses you.
The iguana bites you but does no damage.
The bullfrog closely misses you. The bullfrog barely misses you.
You shoot a sling bullet.
The sling bullet closely misses the iguana.
The bullfrog hits you.
The bullfrog hits you but does no damage.
The iguana bites you but does no damage.
The bullfrog hits you but does no damage. x2
The iguana bites you!
You die...

...........# .
#<...##
...#.....#
#........#
#........####
#.........#.###
##............#
....#.##.#...##
..#....F@######
..####.lF.#
#.......#
..........#
..........#
#.........#
..........#
...........


You could see 2 bullfrogs and an iguana.

Vanquished Creatures
  A steam dragon (D:6)
  A scorpion (D:5)
  3 hounds
  A jelly (D:6)
  2 iguanas (D:5)
  Terence (D:2)
  An orc wizard (D:5)
  A sleepcap (D:4)
  Robin (D:4)
  7 adders
  2 worms
  2 dart slugs
  2 orcs (D:5)
  2 bats
  5 endoplasms
  A giant cockroach (D:1)
  17 goblins
  10 hobgoblins
  10 jackals
  6 kobolds
  5 quokkas
  8 ball pythons
  4 frilled lizards
  6 rats
99 creatures vanquished.

Notes
Turn   | Place    | Note
-------+----------+-------------------------------------------
     0 | D:1      | qw the Gargoyle Hexslinger began the quest for the Orb.
     0 | D:1      | Reached XP level 1. HP: 12/12 MP: 2/2
     0 | D:1      | 0 ||| qw: Version: 0.3-a-52-g30416fa
     0 | D:1      | 0 ||| qw: Game counter: 7010
     0 | D:1      | 0 ||| qw: Melee chars always use a shield: true
     0 | D:1      | 0 ||| qw: God list: Okawaru
     0 | D:1      | 0 ||| qw: Allow faded altars: false
     0 | D:1      | 0 ||| qw: Do Orc after clearing Dungeon:15 true
     0 | D:1      | 0 ||| qw: Do second Lair branch before Depths: true
     0 | D:1      | 0 ||| qw: Lair rune preference: random
     0 | D:1      | 0 ||| qw: Goals: Normal
     0 | D:1      | 0 ||| PLANNING D:1-11
   117 | D:1      | Reached XP level 2. HP: 16/16 MP: 3/3
   191 | D:1      | Found a faded altar of an unknown god.
   357 | D:1      | Reached skill level 3 in Ranged Weapons
   466 | D:1      | Reached XP level 3. HP: 21/21 MP: 4/4
   640 | D:1      | 640 ||| UPGRADING to +0 leather armour.
   650 | D:1      | 650 ||| DROPPING +0 robe.
   651 | D:1      | 651 ||| READING 2 scrolls labelled PUGEOT EFAUB.
   652 | D:1      | 652 ||| READING scroll labelled LEOCLUEHOMPAORPH.
   653 | D:1      | 653 ||| DROPPING scroll of poison.
   828 | D:2      | Noticed Terence
   834 | D:2      | Killed Terence
   835 | D:2      | Reached skill level 4 in Ranged Weapons
   835 | D:2      | Reached XP level 4. HP: 26/26 MP: 5/5
   917 | D:2      | Found Bifiko's General Store.
   922 | D:2      | 922 ||| SHOPLISTING +0 pair of boots (45 gold, have 17).
   922 | D:2      | 922 ||| SHOPLISTING potion of haste (100 gold, have 17).
   922 | D:2      | 922 ||| SHOPLISTING ring of Suicidal Tendencies {Will+
                  | Str+4 Stlth+} (432 gold, have 17).
   922 | D:2      | 922 ||| SHOPLISTING scroll of identify (20 gold, have 17).
  1120 | D:2      | Found a white marble altar of Elyvilon.
  1172 | D:2      | 1172 ||| READING scroll labelled HIERRA GESUBBURGHE.
  1173 | D:2      | 1173 ||| READING scroll labelled WINOHUTUKH.
  1229 | D:3      | Identified the +2 short sword "Munetsoixaff" {freeze,
                  | Will++}
  1237 | D:3      | 1237 ||| READING scroll of enchant weapon.
  1237 | D:3      | 1237 ||| ENCHANTING +2 sling of draining.
  1313 | D:3      | Identified the +2 pair of gloves "Soirhul" {rElec Int-2
                  | Dex+7 Stlth+}
  1325 | D:3      | Identified the +9 mace "Soqev" {freeze, Dex+3}
  1384 | D:3      | Reached XP level 5. HP: 30/30 MP: 6/6
  1583 | D:3      | 1583 ||| UPGRADING to +0 ring mail.
  1593 | D:3      | 1593 ||| DROPPING +0 leather armour.
  1594 | D:3      | 1594 ||| UPGRADING to +2 pair of gloves "Soirhul" {rElec
                  | Int-2 Dex+7 Stlth+}.
  1599 | D:3      | 1599 ||| UPGRADING to amulet of guardian spirit.
  1604 | D:3      | 1604 ||| READING 3 scrolls labelled PECSUA MI FYIF.
  1605 | D:3      | 1605 ||| DROPPING 2 scrolls of noise.
  1819 | D:4      | Reached skill level 1 in Armour
  1864 | D:4      | Noticed Robin
  1869 | D:4      | Killed Robin
  1870 | D:4      | Reached skill level 5 in Ranged Weapons
  2026 | D:4      | Reached skill level 3 in Fighting
  2026 | D:4      | Reached XP level 6. HP: 36/37 MP: 7/7
  2362 | D:4      | 2362 ||| UPGRADING to +0 helmet.
  2367 | D:4      | 2367 ||| UPGRADING to amulet of regeneration.
  2377 | D:4      | 2377 ||| DROPPING amulet of guardian spirit.
  2378 | D:4      | 2378 ||| READING scroll labelled NOTAFF CYOSTI.
  2379 | D:4      | 2379 ||| READING scroll labelled UNAQIEKLOUJ.
  2384 | D:4      | 2384 ||| DRINKING 2 fizzy brown potions.
  2412 | D:5      | Entered Level 5 of the Dungeon
  2477 | D:5      | Reached skill level 6 in Ranged Weapons
  2531 | D:5      | 2531 ||| READING 2 scrolls of identify.
  2531 | D:5      | 2531 ||| IDENTIFYING sapphire potion
  2532 | D:5      | 2532 ||| DROPPING potion of magic.
  2543 | D:5      | 2543 ||| STAIRDANCE
  2547 | D:5      | 2547 ||| STAIRDANCE
  2551 | D:5      | 2551 ||| STAIRDANCE
  2555 | D:5      | 2555 ||| STAIRDANCE
  2559 | D:5      | 2559 ||| STAIRDANCE
  2563 | D:5      | 2563 ||| STAIRDANCE
  2567 | D:5      | 2567 ||| STAIRDANCE
  2571 | D:5      | 2571 ||| STAIRDANCE
  2575 | D:5      | 2575 ||| STAIRDANCE
  2579 | D:5      | 2579 ||| STAIRDANCE
  2583 | D:5      | 2583 ||| STAIRDANCE
  2587 | D:5      | 2587 ||| STAIRDANCE
  2591 | D:5      | 2591 ||| STAIRDANCE
  2595 | D:5      | 2595 ||| STAIRDANCE
  2599 | D:5      | 2599 ||| STAIRDANCE
  2603 | D:5      | 2603 ||| STAIRDANCE
  2607 | D:5      | 2607 ||| STAIRDANCE
  2611 | D:5      | 2611 ||| STAIRDANCE
  2615 | D:5      | 2615 ||| STAIRDANCE
  2619 | D:5      | 2619 ||| STAIRDANCE
  2780 | D:5      | 2780 ||| READING scroll of brand weapon.
  2780 | D:5      | 2780 ||| BRANDING +3 sling of draining.
  2947 | D:5      | Reached XP level 7. HP: 43/43 MP: 8/8
  2973 | D:5      | 2973 ||| UPGRADING to +0 pair of boots.
  2999 | D:6      | Noticed a steam dragon
  3005 | D:6      | Killed a steam dragon
  3005 | D:6      | HP: 2/43 [something (13)]
  3010 | D:6      | HP: 4/43 [bullfrog (6)]
  3010 | D:6      | Mangled by an iguana

Levels and vault maps discovered:
D:1:      lightli_arrival_boilingwater, layout_loops_cross,
          hellmonk_ecumenical_altar_run_dry
D:2:      layout_basic, serial_shops, shop, basic_altar, uniq_terence
D:3:      layout_basic
D:4:      layout_loops_ring, uniq_robin
D:5:      layout_basic
D:6:      layout_cave_pools, nicolae_overflow_crystal_walls,
          uniq_prince_ribbit1, uniq_sigmund

Skill      XL: |  1  2  3  4  5  6  7 |
---------------+----------------------+-----
Ranged Weapons | 3 4 5 6 |  6.7
Fighting       | 2 3 4 |  4.0
Armour         | 1 2 |  2.2
Dodging        | |  1.5
Spellcasting   | |  1.0
Hexes          | |  2.6

Action                     |  1- 3 |  4- 6 |  7- 9 || total
---------------------------+-------+-------+-------++-------
   Fire: Sling             |    85 |   158 |    18 ||   261
    Use: Scroll            |     2 |     8 |       ||    10
         Potion            |       |     1 |       ||     1
 Armour: Robe              |     4 |       |       ||     4
         Leather armour    |    21 |     2 |       ||    23
         Ring mail         |       |    24 |     9 ||    33
  Dodge: Dodged            |    30 |    28 |    21 ||    79

Table legend:
 A = Non-vault XP
 B = Vault XP
 C = Vault XP percentage of total XP
 D = Non-vault monster count
 E = Vault monster count
 F = Vault count percentage of total count
                 A         B        C        D         E       F
            +---------+---------+-------+---------+---------+-------
      Total |     822 |      66 |   7.4 |      90 |       9 |   9.1
            +---------+---------+-------+---------+---------+-------
        D:1 |      39 |       0 |   0.0 |      21 |       0 |   0.0
        D:2 |      50 |      36 |  41.9 |      17 |       1 |   5.6
        D:3 |      45 |       0 |   0.0 |      14 |       0 |   0.0
        D:4 |     187 |      30 |  13.8 |      25 |       8 |  24.2
        D:5 |     269 |       0 |   0.0 |      11 |       0 |   0.0
        D:6 |     232 |       0 |   0.0 |       2 |       0 |   0.0
            +---------+---------+-------+---------+---------+-------
